 Dungeon Crawl Stone Soup version 0.30.1-9-gdf580d7c3d (webtiles) character file.

Game seed: 12456140791368374045

122 Kranky the Charlatan (level 5, -2/50 HPs)
             Began as an Ogre Wanderer on Oct 22, 2023.
             Was a Believer of Sif Muna.
             Slain by Grinder (6 damage)
             ... while paralysed by Grinder
             ... on level 3 of the Dungeon.
             The game lasted 00:04:13 (2305 turns).

Kranky the Charlatan (Ogre Wanderer)                Turns: 2305, Time: 00:04:13

Health: -2/50      AC:  5    Str: 17    XL:     5   Next: 6%
Magic:  8/8        EV:  1    Int: 16    God:    Sif Muna [**....]
Gold:   130        SH:  0    Dex: 10    Spells: 7/8 levels left

rFire   . . .        n - +3 dagger (drain)
rCold   x . .        (no shield)
rNeg    . . .        q - +1 robe of Doskeast {Fly rC- Str+4}
rPois   .            (helmet restricted)
rElec   .            x - +0 cloak
rCorr   .            (gloves unavailable)
SInv    .            (boots unavailable)
Will    .....        (no amulet)
Stlth   ++           (no ring)
HPRegen 0.28/turn    (no ring)
MPRegen 0.11/turn

%: no passive effects
@: paralysed, flying
A: large, unfitting armour, tough skin 1
a: Renounce Religion, Channel Magic


You were on level 3 of the Dungeon.
You worshipped Sif Muna.
Sif Muna was pleased with you.
You visited 1 branch of the dungeon, and saw 3 of its levels.

You collected 130 gold pieces.

Inventory:

Hand Weapons
 a - a +0 dagger
 n - a +3 dagger of draining (weapon)
Missiles
 b - 13 poisoned darts (quivered)
 k - a throwing net
Armour
 e - a +0 robe
 q - the +1 robe of Doskeast (worn) {Fly rC- Str+4}
   (You found it on level 2 of the Dungeon)

   Str:       It affects your strength (+4).
   rC:        It makes you vulnerable to cold.
   Fly:       It grants you flight.
 x - a +0 cloak (worn)
Jewellery
 p - a ring of flight
Wands
 c - a wand of mindburst (14)
Scrolls
 d - 2 scrolls of fog
 f - 3 scrolls of teleportation {unknown}
 g - 2 scrolls of fear {unknown}
 h - a scroll of amnesia {unknown}
 i - 3 scrolls of blinking {unknown}
 j - 5 scrolls of identify {unknown}
 l - a scroll of enchant armour {unknown}
 m - a scroll of enchant weapon {unknown}
 o - a scroll of summoning {unknown}
 s - 2 scrolls of magic mapping {unknown}
 v - a scroll of vulnerability {unknown}
 w - a scroll of immolation {unknown}
Potions
 r - a potion of degeneration {unknown}
 t - a potion of heal wounds {unknown}
 u - a potion of berserk rage {unknown}


   Skills:
 + Level 2.7 Fighting
 - Level 2.0 Throwing
 + Level 1.7 Dodging
 + Level 2.1 Stealth
 - Level 2.4 Spellcasting
 - Level 1.0 Poison Magic
 + Level 3.8 Evocations


You had 7 spell levels left.
You knew the following spells:

 Your Spells              Type           Power      Damage    Failure   Level
a - Sting                 Tmut/Pois      12%        1d3       16%         1

Your spell library contained the following spells:

 Spells                   Type           Power      Damage    Failure   Level
 Shock                    Conj/Air       4%         1d3       21%         1
 Spider Form              Tmut/Pois      3%         N/A       43%         3
 Stone Arrow              Conj/Erth      2%         3d7       52%         3
 Swiftness                Air            1%         N/A       52%         3
 Airstrike                Air            0%         2d(1-17)  89%         4
 Animate Armour           Summ/Erth      2%         N/A       89%         4
 Lehudib's Crystal Spear  Conj/Erth      0%         10d2      100%        8


Dungeon Overview and Level Annotations

Branches:
Dungeon (3/15)

Altars:
Sif Muna

Annotations:
D:3 Grinder


Innate Abilities, Weirdness & Mutations

You are too large for most types of armour.
You have tough skin. (AC +1)


Message History

Grinder gestures at you.
You suddenly lose the ability to move!
Grinder hits you.
You writhe in agony.
Grinder hits you.
You writhe in agony.
* * * LOW HITPOINT WARNING * * *
Grinder hits you.
* * * LOW HITPOINT WARNING * * *
You can move again.
You hit Grinder but do no damage.
Grinder is moderately wounded.
Grinder gestures at you.
You struggle to resist.
Unknown command.
You completely miss Grinder.
Grinder is moderately wounded.
Grinder hits you!
* * * LOW HITPOINT WARNING * * *
You hit Grinder.
Grinder is moderately wounded.
Grinder hits you but does no damage.
You closely miss Grinder.
Grinder is moderately wounded.
You hear the slow rusting of a drain nearby.
Grinder hits you.
* * * LOW HITPOINT WARNING * * *
Unknown command.
You hit Grinder.
Grinder is heavily wounded.
Grinder hits you.
* * * LOW HITPOINT WARNING * * *
You hit Grinder.
Grinder is heavily wounded.
Grinder barely misses you.
You closely miss Grinder.
Grinder is heavily wounded.
Grinder gestures at you.
You suddenly lose the ability to move!
Grinder says, "Don't move a muscle."
Grinder hits you.
You die...

#.......).####
#.......†..........
#.................# ...
#.................#§...
##.................#...
#.......##...........###
#.......##..............
#.......##....5.........
##..............@........
#...##.....###...........
#...##.....###...........
.........................
.................#.......
.................#.......
.................#......!
.#...............###.....
.#.........†.....# .....


You could see Grinder.

Vanquished Creatures
  Crazy Yiuf (D:2)
  Robin (D:2)
  2 adders
  A dart slug (D:1)
  An orc (D:2)
  4 ball pythons
  6 endoplasms
  A giant cockroach (D:2)
  11 goblins
  8 hobgoblins
  9 bats
  A frilled lizard (D:1)
  5 kobolds
  6 rats
57 creatures vanquished.

Notes
Turn   | Place    | Note
-------+----------+-------------------------------------------
     0 | D:1      | Kranky the Ogre Wanderer began the quest for the Orb.
     0 | D:1      | Kranky set off with the following items: a +0 dagger, 9
                  | poisoned darts, a wand of mindburst (14), a scroll of fog,
                  | a +0 robe; and the following spell memorised: Sting; and
                  | the following spells available to memorise: Spider Form.
     0 | D:1      | Reached XP level 1. HP: 16/16 MP: 3/3
   256 | D:1      | Reached XP level 2. HP: 26/26 MP: 1/5
   367 | D:1      | Reached skill level 1 in Fighting
   464 | D:1      | Found a faded altar of an unknown god.
   732 | D:1      | Prayed at the altar of an unknown god.
   732 | D:1      | Became a worshipper of Sif Muna the Loreminder
   732 | D:1      | Reached * piety under Sif Muna
   828 | D:1      | Reached XP level 3. HP: 21/33 MP: 0/6
   833 | D:1      | Reached skill level 1 in Dodging
  1264 | D:2      | Identified the +1 robe of Doskeast {Fly rC- Str+4}
  1338 | D:2      | Noticed Robin
  1370 | D:2      | Killed Robin
  1371 | D:2      | Reached XP level 4. HP: 15/42 MP: 7/7
  1834 | D:2      | Found a runed translucent door.
  1835 | D:2      | Noticed Crazy Yiuf
  1997 | D:2      | Killed Crazy Yiuf
  1997 | D:2      | Reached ** piety under Sif Muna
  2245 | D:3      | Reached XP level 5. HP: 42/50 MP: 8/8
  2286 | D:3      | Noticed Grinder
  2294 | D:3      | Paralysed by Grinder for 4 turns
  2304 | D:3      | Paralysed by Grinder for 3 turns
  2305 | D:3      | Slain by Grinder

Illustrated notes

Levels and vault maps discovered:
D:1:      dpeg_arrival_subterranean_lakeside_camping, layout_basic,
          basic_ecumenical_altar, nicolae_figureground_sparkle
D:2:      layout_rooms, dreamdust_princess_corridor, minmay_hedge_maze,
          minmay_crystal_room, uniq_robin, uniq_crazy_yiuf_cottage
D:3:      layout_basic, mainiacjoe_overflow_alcove_2, portal_sewer_entry_f,
          kennysheep_generic_room_7, uniq_grinder, uniq_terence

Skill      XL: |  1  2  3  4 |
---------------+-------------+-----
Fighting       | 1 2 |  2.7
Dodging        | 1 |  1.7
Stealth        | 2 |  2.1
Throwing       | |  2.0
Spellcasting   | |  2.4
Poison Magic   | |  1.0
Evocations     | |  3.8

Action                     |  1- 3 |  4- 6 || total
---------------------------+-------+-------++-------
  Melee: Dagger            |   161 |    65 ||   226
  Throw: Dart              |     1 |       ||     1
   Cast: Sting             |    14 |       ||    14
   Stab: Sleeping          |     1 |       ||     1
 Armour: Robe              |    86 |    14 ||   100
  Dodge: Dodged            |   126 |    26 ||   152
